 Dungeon Crawl Stone Soup version 0.27.0-1-g7a089689b8 (webtiles) character file.

Game seed: 13511108703434865317

1046712 snackwell the Hand of Fortune (level 27, -14/273 HPs)
             Began as a Ghoul Monk on Aug 5, 2021.
             Was the Champion of Nemelex Xobeh.
             Killed by dispel undead
             ... invoked by a Tzitzimitl
              (49 damage)
             ... on level 7 of Tartarus on Aug 7, 2021.
             The game lasted 08:50:12 (133292 turns).

snackwell the Hand of Fortune (Ghoul Monk)        Turns: 133292, Time: 08:50:13

Health: -14/273    AC: 54    Str: 29    XL:     27
Magic:  39/39      EV: 24    Int:  5    God:    Nemelex Xobeh [******]
Gold:   7922       SH: 27    Dex: 15    Spells: 34/40 levels left

rFire    . . .     SeeInvis +   a - +10 morningstar "Eos" {elec, Halo rElec}
rCold    + + .     Faith    +   r - +2 tower shield
rNeg     + + +     Spirit   .   T - +10 crystal plate armour
rPois    ∞         Reflect  .   H - +2 hat {SInv}
rElec    +         Harm     .   R - +2 cloak
rCorr    .         Rampage  .   h - +2 pair of gloves {Dex+3}
Will     ++++.                  V - +2 pair of boots {Fly}
Stlth    ..........             n - amulet of Borueti {Faith rN+ Str+2}
HPRegen  0.00/turn              K - ring of the Hare {EV+8}
MPRegen  0.26/turn              X - ring of Yfueme Ruoph {rC+ Will++ EV+4}

@: flying, inhibited regen, glowing, studying 2 skills
A: claws 1, cold resistance 1, negative energy resistance 3, inhibited
regeneration, torment resistance 2
}: 8/15 runes: decaying, serpentine, slimy, silver, iron, obsidian, icy, abyssal
a: Renounce Religion, Draw Escape, Draw Destruction, Draw Summoning, Draw Stack,
Triple Draw, Deal Four, Stack Five


You were on level 7 of Tartarus.
You worshipped Nemelex Xobeh.
Nemelex Xobeh was exalted by your worship.
You visited 17 branches of the dungeon, and saw 87 of its levels.
You visited the Abyss 2 times.
You also visited: Ice Cave and Wizlab.

You collected 14024 gold pieces.
You spent 6102 gold pieces at shops.

Inventory:

Hand Weapons
 a - the +10 morningstar "Eos" (weapon) {elec, Halo rElec}
   (You found it on level 5 of the Vaults)

   It occasionally discharges a powerful burst of electricity upon striking a
   foe.
   It grants its wielder a halo, increasing accuracy against those within it.
   rElec:     It insulates you from electricity.
 b - a +6 vorpal fustibalus
   (You found it on level 3 of the Swamp)
 c - the +9 morningstar "Vuapukk" {vorpal, +Blink rElec Str+9 Dex-3}
   (You took it off a naga ritualist on level 3 of the Snake Pit)

   It inflicts extra damage upon your enemies.
   Str:       It affects your strength (+9).
   Dex:       It affects your dexterity (-3).
   rElec:     It insulates you from electricity.
   +Blink:    It lets you blink.
Missiles
 s - 22 javelins (quivered)
 v - 9 silver javelins
 E - 6 throwing nets
 I - 112 sling bullets
 N - 1640 stones
Armour
 h - a +2 pair of gloves of dexterity (worn)
   (You found it in an ice cave)
 r - a +2 tower shield (worn)
   (You took it off a vault guard on level 3 of the Vaults)
 H - a +2 hat of see invisible (worn)
   (You found it in an ice cave)
 R - a +2 cloak (worn)
   (You took it off a draconian annihilator on level 5 of the Depths)
 T - a +10 crystal plate armour (worn)
   (You acquired it on level 3 of the Lair of Beasts)
 V - a +2 pair of boots of flying (worn)
   (You bought it in a shop on level 9 of the Dungeon)
Jewellery
 f - a +6 ring of intelligence
   (You found it on level 14 of the Dungeon)
 i - the ring "Goacou" {rF+ rN+ rCorr Str+6}
   (You found it on level 1 of the Crypt)

   [ring of resist corrosion]

   Str:       It affects your strength (+6).
   rF:        It protects you from fire.
   rN:        It protects you from negative energy.
   rCorr:     It protects you from acid and corrosion.
 n - the amulet of Borueti (around neck) {Faith rN+ Str+2}
   (You acquired it on level 8 of the Dungeon)

   [amulet of faith]

   It allows you to gain divine favour quickly.
   Str:       It affects your strength (+2).
   rN:        It protects you from negative energy.
 K - the ring of the Hare (left hand) {EV+8}
   (You found it on level 4 of the Vaults)

   [ring of evasion]

   EV:        It affects your evasion (+8).
 X - the ring of Yfueme Ruoph (right hand) {rC+ Will++ EV+4}
   (You bought it in a shop on level 4 of the Depths)

   [ring of evasion]

   EV:        It affects your evasion (+4).
   rC:        It protects you from cold.
   Will:      It greatly increases your willpower.
Wands
 u - a wand of acid (9)
   (You found it on level 5 of the Pits of Slime)
 x - a wand of paralysis (46)
   (You found it on level 4 of the Lair of Beasts)
 B - a wand of polymorph (50)
   (You found it on level 1 of the Lair of Beasts)
 D - a wand of iceblast (34)
   (You found it in an ice cave)
 Q - a wand of mindburst (20)
   (You found it on level 6 of the Lair of Beasts)
 S - a wand of digging (7)
   (You found it on level 2 of the Snake Pit)
 U - a wand of charming (16)
   (You found it on level 13 of the Dungeon)
Scrolls
 e - 8 scrolls of teleportation
 o - 3 scrolls of summoning
 q - 5 scrolls of fear
 z - 5 scrolls of blinking
 C - 3 scrolls of silence
 M - 3 scrolls of fog
Potions
 d - 5 potions of attraction
 g - 7 potions of heal wounds
 k - 6 potions of resistance
 l - 7 potions of might
 p - 16 potions of curing
 A - 11 potions of invisibility
 G - 3 potions of haste
 L - 9 potions of cancellation
 O - 3 potions of ambrosia
 Z - a potion of magic
Miscellaneous
 m - a phial of floods
   (You bought it in a shop on level 2 of the Orcish Mines)
 t - a lightning rod (4/4)
   (You found it on level 1 of the Depths)
 w - a condenser vane
   (You found it on level 2 of the Depths)
 y - the horn of Geryon
   (You took it off Geryon in the Vestibule of Hell)
 J - a phantom mirror
   (You found it on level 2 of the Lair of Beasts)
 Y - a tin of tremorstones (2/2)
   (You found it on level 4 of the Depths)


   Skills:
 O Level 27 Fighting
 - Level 21.5 Maces & Flails
 - Level 8.0(9.9) Slings
 - Level 9.2(10.4) Throwing
 - Level 24.8 Armour
 - Level 13.5 Dodging
 - Level 2.1 Stealth
 - Level 21.7 Shields
 - Level 7.2 Spellcasting
 + Level 10.4 Necromancy
 - Level 11.0 Translocations
 + Level 11.3 Earth Magic
 O Level 27 Invocations
 - Level 15.3 Evocations


You had 34 spell levels left.
You knew the following spells:

 Your Spells              Type           Power      Damage    Failure   Level
a - Apportation           Tloc           24%        N/A       2%          1
b - Borgnjor's Vile Clut  Necr/Erth      6%         N/A       63%         5

Your spell library contained the following spells:

 Spells                   Type           Power      Damage    Failure   Level
 Sandblast                Erth           26%        2d8       2%          1
 Gell's Gravitas          Tloc           6%         N/A       9%          3
 Teleport Other           Tloc           12%        N/A       9%          3
 Passage of Golubria      Tloc           N/A        N/A       28%         4
 Passwall                 Tmut/Erth      5%         N/A       36%         2
 Animate Dead             Necr           6%         N/A       36%         4
 Dispel Undead            Necr           12%        3d9       36%         4
 Corpse Rot               Necr/Air       N/A        N/A       43%         2
 Lee's Rapid Deconstruct  Erth           6%         3d7*      56%         5
 Stone Arrow              Conj/Erth      14%        3d7       61%         3
 Portal Projectile        Hex/Tloc       14%        N/A       63%         3
 Corona                   Hex            1%         N/A       95%         1
 Freeze                   Ice            4%         1d3       95%         1
 Magic Dart               Conj           4%         1d3       95%         1
 Shock                    Conj/Air       4%         1d3       95%         1
 Summon Small Mammal      Summ           4%         N/A       95%         1
 Animate Armour           Summ/Erth      14%        N/A       95%         4
 Iskenderun's Mystic Bla  Conj/Tloc      7%         2d4       95%         4
 Leda's Liquefaction      Hex/Erth       3%         N/A       95%         4
 Petrify                  Tmut/Erth      7%         N/A       95%         4
 Ensorcelled Hibernation  Hex/Ice        2%         N/A       99%         2
 Poisonous Vapours        Pois/Air       2%         N/A       99%         2
 Slow                     Hex            1%         N/A       99%         2
 Static Discharge         Conj/Air       1%         N/A       99%         2
 Death Channel            Necr           6%         N/A       99%         6
 Dispersal                Tloc           6%         N/A       99%         6
 Call Canine Familiar     Summ           1%         N/A       100%        3
 Confusing Touch          Hex            1%         N/A       100%        3
 Dazzling Flash           Conj/Hex       2%         N/A       100%        3
 Frozen Ramparts          Ice            2%         1d2       100%        3
 Ignite Poison            Fire/Tmut/Pois 1%         N/A       100%        3
 Mephitic Cloud           Conj/Pois/Air  1%         N/A       100%        3
 Ozocubu's Armour         Ice            1%         N/A       100%        3
 Summon Guardian Golem    Hex/Summ       1%         N/A       100%        3
 Swiftness                Air            1%         N/A       100%        3
 Tukima's Dance           Hex            1%         N/A       100%        3
 Airstrike                Air            0%         N/A       100%        4
 Fulminant Prism          Conj/Hex       0%         3d6       100%        4
 Hailstorm                Conj/Ice       1%         3d3       100%        4
 Summon Ice Beast         Ice/Summ       1%         N/A       100%        4
 Summon Lightning Spire   Summ/Air       1%         N/A       100%        4
 Alistair's Intoxication  Tmut/Pois      0%         N/A       100%        5
 Bolt of Magma            Conj/Fire/Erth 2%         4d4       100%        5
 Fireball                 Conj/Fire      0%         3d3       100%        5
 Freezing Cloud           Conj/Ice/Air   0%         6-21      100%        5
 Irradiate                Conj/Tmut      0%         3d13      100%        5
 Iskenderun's Battlesphe  Conj           1%         2d6       100%        5
 Lightning Bolt           Conj/Air       0%         1d11      100%        5
 Metabolic Englaciation   Hex/Ice        0%         N/A       100%        5
 Silence                  Hex/Air        0%         N/A       100%        5
 Summon Forest            Summ/Tloc      3%         N/A       100%        5
 Summon Mana Viper        Hex/Summ       1%         N/A       100%        5
 Yara's Violent Unravell  Hex/Tmut       0%         3d3       100%        5
 Conjure Ball Lightning   Conj/Air       0%         3x3d6     100%        6
 Eringya's Noxious Bog    Tmut/Pois      0%         N/A       100%        6
 Invisibility             Hex            0%         N/A       100%        6
 Iron Shot                Conj/Erth      3%         9d2       100%        6
 Shadow Creatures         Summ           N/A        N/A       100%        6
 Simulacrum               Ice/Necr       3%         N/A       100%        6
 Starburst                Conj/Fire      0%         8x6d3     100%        6
 Haunt                    Necr/Summ      3%         N/A       100%        7
 Orb of Destruction       Conj           0%         N/A       100%        7
 Ozocubu's Refrigeration  Ice            0%         4d5       100%        7
 Spellforged Servitor     Conj/Summ      0%         N/A       100%        7
 Summon Hydra             Summ           0%         N/A       100%        7
 Discord                  Hex            0%         N/A       100%        8
 Disjunction              Tloc           6%         N/A       100%        8
 Ignition                 Fire           0%         3d3       100%        8
 Infestation              Necr           6%         N/A       100%        8
 Lehudib's Crystal Spear  Conj/Erth      3%         10d3      100%        8
 Maxwell's Capacitive Co  Air            0%         ∞         100%        8
 Dragon's Call            Summ           0%         N/A       100%        9
 Polar Vortex             Ice            0%         N/A       100%        9
 Sublimation of Blood     Necr           Unusable   N/A       N/A         2
 Spider Form              Tmut/Pois      Unusable   N/A       N/A         3
 Ice Form                 Ice/Tmut       Unusable   N/A       N/A         4
 Blade Hands              Tmut           Unusable   N/A       N/A         5
 Statue Form              Tmut/Erth      Unusable   N/A       N/A         6
 Storm Form               Tmut/Air       Unusable   N/A       N/A         7
 Necromutation            Tmut/Necr      Unusable   N/A       N/A         8

Dungeon Overview and Level Annotations

Branches:
Dungeon (15/15)            Temple (1/1) D:4            Lair (6/6) D:10
  Swamp (4/4) Lair:2        Snake (4/4) Lair:3        Slime (5/5) Lair:5
    Orc (2/2) D:10            Elf (3/3) Orc:2        Vaults (5/5) D:14
  Crypt (3/3) Vaults:3       Tomb (0/3) Crypt:3      Depths (5/5) D:15
   Hell (visited)             Dis (7/7) Hell            Geh (7/7) Hell
    Coc (7/7) Hell            Tar (7/7) Hell            Zot (5/5) Depths:5
  IceCv (visited)          WizLab (visited)

Altars:
Ashenzari
Cheibriados
Dithmenos
Elyvilon
Fedhas
Gozag
Hepliaklqana
Kikubaaqudgha
Makhleb
Nemelex Xobeh
Okawaru
Qazlal
Ru
Sif Muna
Trog
Uskayaw
Vehumet
Wu Jian
Xom
Yredelemnul
Zin
The Shining One
Jiyva

Shops:
D:1 *=[*   D:9 ==[[?   D:13 *   Orc:1 ?   Orc:2 *(*[:   Elf:1 :   Elf:3 (
Snake:1 *   Snake:3 ?:(   Vaults:1 ?   Vaults:4 (   Depths:3 (   Depths:4 *=*(

Portals:
Hell: Depths:1 Depths:2 Depths:3 Depths:4 Depths:5
Abyss: Depths:3 Depths:4
Pandemonium: Depths:3
Ziggurat: Depths:5

Annotations:
Snake:1 2 transporters, Mrcawl's ghost, journeyman MiGl
Crypt:1 2 transporters, Vailuoroe's ghost, veteran GrEE
Depths:5 exclusion: great orb of eyes
Abyss:1 Asmodeus


Innate Abilities, Weirdness & Mutations

You thrive by killing the living.
You are immune to poison.
You have sharp fingernails.
Your flesh is cold resistant. (rC+)
You are immune to negative energy. (rN+++)
You do not regenerate when monsters are visible.
You are immune to unholy pain and torment.


Message History

Lightning courses through the ettin zombie!
The ettin zombie is heavily damaged.
The ettin zombie hits you but does no damage.
The ettin zombie hits you!
You puncture the ettin zombie!
The ettin zombie is severely damaged.
You puncture the swamp dragon zombie!
Lightning courses through the swamp dragon zombie!
You destroy the swamp dragon zombie!
The ettin zombie hits you but does no damage.
You block the ettin zombie's attack.
You bludgeon the ettin zombie!!
The ettin zombie is almost destroyed.
You block the ettin zombie's attack. x2
You pound the ettin zombie like an anvil!!!
You destroy the ettin zombie!
No target in view!
You start resting.
A Tzitzimitl comes into view.
Throw: 25 javelins
Press: ? - help, Q - select action, (/) - cycle Shift-Dir - straight line, f - Tzitzimitl
Aim: a Tzitzimitl (61% to hit)
You throw a javelin.
The javelin pierces through the Tzitzimitl!
The Tzitzimitl is lightly wounded.
Throw: 24 javelins
Press: ? - help, Q - select action, (/) - cycle Shift-Dir - straight line, f/p - Tzitzimitl
Aim: a Tzitzimitl (lightly wounded, 60% to hit)
You throw a javelin.
The javelin closely misses the Tzitzimitl.
Throw: 23 javelins
Press: ? - help, Q - select action, (/) - cycle Shift-Dir - straight line, f/p - Tzitzimitl
Aim: a Tzitzimitl (lightly wounded, haloed, 72% to hit)
You throw a javelin.
The javelin pierces through the Tzitzimitl but does no damage.
The Tzitzimitl is lightly wounded.
The Tzitzimitl gestures at you.
You convulse!
* * * LOW HITPOINT WARNING * * *
Unknown command.
Unknown command.
You draw a card...
You have drawn the Dance.
The Tzitzimitl gestures at you.
You convulse!
* * * LOW HITPOINT WARNING * * *
You feel much better. The Tzitzimitl gestures at you.
You convulse!
You die...
Your body glows with a rainbow of weird colours and disappears.

#..#2z######..#...)###
...ZW2#...#.).#..####)).#
...W.##zz.#'#.###...#)#..#
'''#####.##2#Z((#...#)##..#
... #.zzW#.#.#...)..# .#
... #..z.#.#1###.##..# .#
.. #....#.#...Z.# ..# .# ..
#....#.##)##)...##.#
##.#.#..#@.##..##..#
#.#.##.##..####..# #.#..
##()....# #.##.# ###..###
####


You could see a Tzitzimitl (ally target) and a friendly +4 executioner's axe of
Shrieking Terror {spect, Int+3} (summoned).

Vanquished Creatures
  Antaeus (Coc:7)
  the Royal Jelly (Slime:5)
  7 dread liches
  An ancient lich (Vaults:4)
  Dispater (Dis:7)
  Khufu (Crypt:1)
  Mara (Elf:3)
  Mennas (Depths:3)
  11 orbs of fire
  3 royal mummies (Crypt:1)
  Bai Suzhen (Depths:1)
  6 Killer Klowns
  Sojobo (Depths:2)
  8 shard shrikes
  Margery (Vaults:5)
  Frederick (Vaults:4)
  Xtahua (Depths:4)
  Saint Roka (Snake:4)
  Geryon (Hell)
  8 golden dragons
  A profane servitor (Crypt:3)
  13 bone dragons
  10 iron giants
  21 Brimstone Fiends
  25 Tzitzimimeh
  2 electric golems
  7 doom hounds
  18 tentacled monstrosities
  A moon troll (WizLab)
  9 liches
  7 Hell Sentinels (Dis:7)
  15 Ice Fiends
  5 titans (Vaults:5)
  25 Orb Guardians (Zot:5)
  A deep elf blademaster (Elf:2)
  A deep elf master archer (Elf:3)
  11 quicksilver dragons
  2 Executioners
  4 sphinxes
  18 acid blobs
  20 ancient champions
  10 tentacled starspawn
  12 storm dragons
  10 death cobs
  8 tengu reavers
  A thorn hunter (Abyss:3)
  5 draconian monks
  A fenstrider witch (Swamp:1)
  15 shadow dragons
  10 azure jellies
  9 nagarajas
  13 rockslimes
  An azure jelly (shapeshifter) (D:14)
  8 fire giants
  2 ghost moths
  6 draconian scorchers
  2 cacodemons
  Louise (Depths:4)
  4 draconian knights
  16 frost giants
  4 orc warlords
  4 deep elf sorcerers
  A caustic shrike zombie (Hell)
  5 iron dragons
  15 balrugs
  An emperor scorpion (Vaults:4)
  11 vault wardens
  4 curse skulls
  7 deep elf elementalists (Elf:3)
  60 reapers
  6 draconian shifters
  22 ironbound preservers
  2 spriggan defenders (Depths:4)
  10 ghouls
  13 quicksilver oozes
  Aizul (Snake:1)
  8 draconian annihilators
  17 war gargoyles
  2 draconian stormcallers
  2 caustic shrike skeletons (Depths:4)
  20 very ugly things
  2 elemental wellsprings (Coc:7)
  24 stone giants
  10 black draconians
  A juggernaut skeleton (Depths:4)
  3 deep elf demonologists
  7 green draconians
  9 vampire knights
  10 deep elf annihilators
  8 white draconians
  Azrael (Elf:1)
  6 entropy weavers
  8 yellow draconians
  8 purple draconians
  4 dire elephants (Vaults:1)
  6 spark wasps
  5 bunyips
  A lorocyproca (Depths:1)
  9 red draconians
  14 eidola
  15 blizzard demons
  4 eleionomae
  3 crystal guardians
  13 ettins
  8 deep elf death magi
  15 yaktaur captains
  A spectral kraken (Tar:7)
  A green death (Dis:3)
  A mummy priest (Crypt:3)
  8 quicksilver dragon zombies
  10 fire dragons
  Josephine (D:14)
  13 great orbs of eyes
  9 boulder beetles
  6 jiangshi
  3 quicksilver dragon skeletons
  5 salamander tyrants
  3 deep elf high priests
  35 ice dragons
  A shambling mangrove (Swamp:3)
  The ghost of HilariousDeathArtist the Fighter, a journeyman VSBe of Trog (D:13)
  12 vault guards
  6 ironbound thunderhulks
  5 ogre magi
  A hell beast (Depths:3)
  19 hydras
  11 naga warriors
  5 peacekeepers
  13 centaur warriors
  5 spriggan air magi
  7 ghost crabs
  4 tengu warriors
  3 ironbound frosthearts
  6 death knights
  2 catoblepae
  8 anacondas
  9 deep troll shamans
  3 satyrs
  8 alligators
  40 dancing weapons
  6 death yaks
  14 two-headed ogres
  3 ironbound beastmasters (Vaults:1)
  6 titan zombies
  4 deep troll earth magi
  7 vampire magi
  12 hell hogs
  A thrashing horror (Abyss:3)
  12 sun demons
  6 orc high priests
  8 spriggan berserkers
  Nergalle (Lair:4)
  33 hell knights
  14 naga sharpshooters
  9 shock serpents
  3 storm dragon zombies
  A titan skeleton (Geh:1)
  5 iron golems
  20 soul eaters
  16 deep elf knights
  3 salamander mystics (Snake:4)
  2 wretched stars
  12 anaconda zombies
  7 iron trolls
  132 skeletal warriors
  2 shadow wraiths
  A sixfirhy (Depths:2)
  A sea snake (Snake:1)
  3 death drakes
  54 deep trolls
  5 storm dragon skeletons
  7 large abominations
  2 golden dragon zombies
  An infernal demonspawn (Depths:3)
  21 bog bodies
  A spriggan druid (Swamp:2)
  18 flayed ghosts
  3 goliath frogs
  4 anaconda skeletons
  32 phantasmal warriors
  A ghost moth zombie (Coc:7)
  12 naga ritualists
  15 ironbound convokers
  13 starcursed masses
  6 deep elf archers
  13 wizards
  3 lindwurms
  22 shadow demons
  A kraken simulacrum (Hell)
  6 shadow dragon zombies
  4 swamp dragons (Swamp:2)
  7 glowing orange brains
  16 necromancers
  Pikel (D:8)
  30 deep elf pyromancers
  7 orc knights
  A goliath frog zombie (Crypt:2)
  5 cyclopes
  9 golden dragon skeletons
  27 deep elf zephyrmancers
  4 harpies
  5 fire giant zombies
  7 stone giant zombies
  3 tengu zombies
  3 iron dragon zombies
  An orb spider (Lair:1)
  2 wolf spiders
  9 mana vipers
  5 manticores
  2 fauns
  5 shadow dragon skeletons
  2 tengu skeletons
  2 orc sorcerers
  6 will-o-the-wisps
  10 frost giant zombies
  17 salamanders
  42 ugly things
  A sphinx skeleton (Depths:4)
  4 shining eyes
  A worldbinder (Abyss:3)
  6 wolf spider zombies
  3 shock serpent zombies
  3 iron dragon skeletons
  30 moths of wrath
  2 apocalypse crabs (Abyss:3)
  15 elephants
  3 guardian serpents
  3 fire giant skeletons
  2 frost giant skeletons
  39 black mambas
  10 eyes of devastation
  34 rust devils
  12 vault sentinels
  A cane toad (shapeshifter) (D:15)
  3 human skeletons
  10 molten gargoyles
  9 spectral swamp worms (Tar:7)
  6 stone giant skeletons
  2 shock serpent skeletons
  3 ice statues
  A torpor snail (Lair:4)
  14 smoke demons
  A water nymph (shapeshifter) (Depths:4)
  9 naga magi
  7 dire elephant zombies
  9 unseen horrors
  A yaktaur zombie (Vaults:4)
  10 cane toads
  2 emperor scorpion zombies
  A spriggan skeleton (Depths:4)
  A sea snake zombie (Hell)
  A death yak zombie (Crypt:2)
  33 hellions
  A catoblepas zombie (Crypt:3)
  12 komodo dragons
  36 yaktaurs
  An anaconda simulacrum (Hell)
  2 kobold demonologists (D:11)
  A rime drake (Lair:5)
  6 dire elephant skeletons
  An entropy weaver simulacrum (IceCv)
  2 ancient zymes (Abyss:3)
  3 tengu conjurers (Depths:2)
  39 freezing wraiths
  41 ice devils
  41 tormentors
  A komodo dragon (shapeshifter) (Vaults:5)
  A demonic crawler (Hell)
  21 red devils
  2 harpy zombies
  A bloated husk (Swamp:4)
  2 merfolk (Vaults:4)
  A sea snake skeleton (Hell)
  A yellow draconian skeleton (Geh:2)
  A catoblepas skeleton (Tar:6)
  4 elf skeletons (Depths:4)
  4 silent spectres
  A queen bee (Snake:2)
  A hellwing (Depths:3)
  2 guardian mummies (Crypt:3)
  7 jumping spiders
  12 polar bears
  2 meliai
  3 trolls
  7 raiju
  A wind drake (Vaults:5)
  10 hydra zombies
  11 tyrant leeches
  24 hornets
  2 tengu simulacra (Vaults:4)
  A harpy skeleton (Tar:7)
  6 fire dragon zombies
  A dream sheep (shapeshifter) (Vaults:5)
  9 hydra skeletons
  11 ice dragon zombies
  A deep troll zombie (Vaults:4)
  107 slime creatures
  2 dream sheep
  10 alligator zombies
  12 blink frogs
  13 ettin zombies
  A snapping turtle (shapeshifter) (Vaults:3)
  A snapping turtle (Elf:3)
  6 spriggan zombies
  2 iron dragon simulacra
  3 air elementals (Elf:1)
  125 flying skulls
  A spriggan (shapeshifter) (D:15)
  A black mamba zombie (Dis:4)
  2 tarantellas (Vaults:1)
  12 redbacks
  2 dire elephant simulacra
  30 shadows
  2 wyverns
  8 ettin skeletons
  5 ice dragon skeletons
  A redback (shapeshifter) (Vaults:5)
  2 tarantellas (shapeshifter)
  68 yaks
  A vampire (D:12)
  21 spriggans
  31 wraiths
  4 alligator skeletons
  2 fire dragon skeletons
  A black mamba skeleton (Coc:2)
  11 water elementals
  9 basilisks
  A hog (Orc:2)
  An ushabti (Crypt:3)
  5 fire bats
  7 golden eyes (Slime:5)
  4 swamp worm simulacra (Swamp:4)
  13 fire elementals
  21 vampire mosquitoes
  4 neqoxecs
  A chaos spawn (Abyss:3)
  A human (D:13)
  A death yak simulacrum (IceCv)
  A sea snake simulacrum (Hell)
  54 nagas
  A harpy simulacrum (IceCv)
  14 swamp worms
  An infernal demonspawn zombie (Tar:7)
  A monstrous demonspawn zombie (Crypt:2)
  6 wargs
  18 hydra simulacra
  7 cane toad zombies
  4 floating eyes
  2 acid dragons
  A torturous demonspawn skeleton (Crypt:1)
  12 water moccasins
  Duvessa (D:5)
  75 hell hounds
  A swamp drake (shapeshifter) (Vaults:4)
  2 black bears (shapeshifter)
  19 orc warriors
  2 sky beasts
  A merfolk skeleton (Coc:2)
  2 swamp drakes
  A cane toad skeleton (Geh:3)
  6 snapping turtle zombies
  9 ice beasts
  An ettin simulacrum (Crypt:1)
  A black mamba simulacrum (Crypt:1)
  4 manticore zombies
  A black bear (D:10)
  50 necrophages
  2 small abominations (Abyss:3)
  16 wolves
  23 ogres
  4 swamp dragon zombies
  6 snapping turtle skeletons
  5 boggarts
  A swamp dragon skeleton (Geh:3)
  6 centaurs
  A manticore skeleton (Dis:5)
  A rime drake zombie (Crypt:2)
  A dream sheep skeleton (Crypt:1)
  2 lemures (D:8)
  3 phantoms
  A kobold brigand (D:10)
  Blork the orc (D:5)
  2 scorpions
  15 bullfrogs
  A gnoll sergeant (D:9)
  4 earth elementals
  3 cane toad simulacra
  8 wyvern skeletons
  13 killer bees
  Dowan (D:5)
  A water moccasin skeleton (D:5)
  A raiju zombie (Crypt:2)
  A troll zombie (Dis:5)
  A snapping turtle simulacrum (Coc:6)
  73 wights
  An elephant simulacrum (IceCv)
  A human simulacrum (Vaults:4)
  4 electric eels
  3 howler monkeys
  A wolf zombie (Crypt:1)
  8 crimson imps
  A bullfrog zombie (D:5)
  5 centaur zombies
  A hound (D:5)
  5 jellies
  4 human zombies
  14 orc priests
  2 gnoll shamans
  29 iron imps
  Jessica (D:3)
  2 iguanas
  29 orc wizards
  3 hell rats
  A polar bear simulacrum (IceCv)
  A scorpion zombie (D:5)
  A killer bee zombie (D:7)
  An ogre skeleton (Crypt:1)
  An ogre zombie (Geh:3)
  An acid dragon skeleton (Crypt:2)
  5 hound zombies
  5 mummies
  3 howler monkey zombies
  3 adders
  16 gnolls
  An adder (shapeshifter) (D:13)
  14 shadow imps
  10 white imps
  4 swamp drake simulacra (Swamp:4)
  3 worms
  A worm (shapeshifter) (D:14)
  A dart slug (D:3)
  56 orcs
  6 endoplasms
  A giant cockroach (Orc:1)
  4 hobgoblins
  10 jackals
  3 quokkas (D:1)
  9 ball pythons
  A ball python zombie (Crypt:2)
  5 bats
  4 frilled lizards
  9 goblins
  13 kobolds
  2 kobold skeletons
  A kobold zombie (Tar:3)
  2 orc skeletons (Crypt:1)
  4 rats
  A butterfly (Lair:1)
  A lurking horror (Abyss:3)
  12 starspawn tentacles
  4 tentacles
  2 withered plants
3912 creatures vanquished.

Vanquished Creatures (collateral kills)
  A bone dragon (Dis:4)
  Rupert (D:13)
  Asterion (Depths:1)
  2 acid blobs (Slime:5)
  A quicksilver dragon (Dis:7)
  An Executioner (Dis:7)
  A sphinx (Vaults:3)
  A tengu reaver (Depths:3)
  Roxanne (Swamp:1)
  2 orc warlords
  A war gargoyle (Dis:6)
  A reaper (Dis:6)
  5 vault guards (Vaults:3)
  2 anacondas (Snake:3)
  3 two-headed ogres (Orc:2)
  3 death yaks (Lair:6)
  A deep troll shaman (Depths:1)
  A hell knight (Depths:4)
  An iron troll (Depths:1)
  A skeletal warrior (Tar:5)
  A salamander mystic (Snake:3)
  An orange crystal statue (WizLab)
  A bog body (Swamp:3)
  A flayed ghost (Dis:6)
  4 naga ritualists (Snake:3)
  3 deep trolls (Vaults:4)
  A wizard (Vaults:4)
  2 deep elf pyromancers
  A deep elf zephyrmancer (Orc:2)
  An ironbound convoker (Vaults:4)
  A lindwurm (Lair:6)
  2 mana vipers (Snake:3)
  A necromancer (Vaults:4)
  A salamander (Snake:3)
  A rust devil (Dis:7)
  2 naga magi
  4 black mambas (Snake:3)
  2 ice statues (IceCv)
  2 smoke demons (Hell)
  A tyrant leech (Swamp:3)
  An ice dragon zombie (Coc:5)
  2 flying skulls (Tar:5)
  A wyvern (D:5)
  2 nagas
  3 hell hounds (Dis:4)
  2 orc warriors
  2 ogres (Orc:2)
  A phantom (Dis:4)
  An orc priest (Orc:2)
  2 hell rats (Hell)
  2 gnolls
  5 orcs
88 creatures vanquished.

Vanquished Creatures (others)
  A tentacled monstrosity (Swamp:4)
  A reaper (Coc:7)
  An ironbound preserver (Vaults:5)
  A yellow draconian (Zot:5)
  A naga warrior (Snake:3)
  2 hell hogs
  A vampire mage (Crypt:1)
  2 deep elf knights (Elf:2)
  A shadow demon (Tar:7)
  5 deep elf zephyrmancers
  A deep elf pyromancer (Elf:3)
  An ugly thing (WizLab)
  A moth of wrath (Zot:5)
  A shining eye (Depths:1)
  A rust devil (Dis:7)
  A harpy zombie (Coc:7)
  2 flying skulls
  A hog (shapeshifter) (Elf:3)
  A naga (Snake:4)
  An orc wizard (D:4)
  A hell rat (Hell)
  A gnoll (Orc:2)
  A white imp (Coc:5)
  4 orcs
  3 ball lightnings (Dis:7)
  4 briar patches (Abyss:3)
  2 bushes (D:7)
  A demonic plant (WizLab)
  39 foxfires
  26 fungi
  82 plants
  15 starspawn tentacles
  12 tentacles
  25 withered plants
243 creatures vanquished.

Grand Total: 4243 creatures vanquished

Notes
Turn   | Place    | Note
-------+----------+-------------------------------------------
     0 | D:1      | snackwell the Ghoul Monk began the quest for the Orb.
     0 | D:1      | Reached XP level 1. HP: 19/19 MP: 0/0
   190 | D:1      | Found Aproff's Armour Shop.
   413 | D:1      | Reached XP level 2. HP: 26/26 MP: 1/1
   563 | D:1      | Found a faded altar of an unknown god.
   705 | D:1      | You fall into a shaft and drop 1 floor!
   801 | D:1      | Found Rextok's Jewellery Boutique.
  1088 | D:1      | Reached XP level 3. HP: 11/33 MP: 2/2
  1415 | D:1      | Found Lirom's Assorted Antiques.
  1577 | D:1      | Found Gesyuzod's Assorted Antiques.
  2296 | D:3      | Reached XP level 4. HP: 41/41 MP: 3/3
  2375 | D:3      | Noticed Jessica
  2382 | D:3      | Killed Jessica
  2775 | D:3      | Reached skill level 5 in Fighting
  2775 | D:3      | Reached XP level 5. HP: 47/48 MP: 4/4
  2969 | D:1      | Bought a scroll labelled SAUFEW FUHU for 21 gold pieces
  2969 | D:1      | Bought a scroll labelled PAOMOA USEGHO for 21 gold pieces
  2969 | D:1      | Bought a scroll labelled SAUFEW FUHU for 21 gold pieces
  2969 | D:1      | Bought a scroll labelled ZESU TANUYRPH for 21 gold pieces
  2969 | D:1      | Bought a scroll labelled PIFEFFOLYH for 21 gold pieces
  3155 | D:4      | Found a staircase to the Ecumenical Temple.
  3165 | Temple   | Entered the Ecumenical Temple
  3265 | Temple   | Became a worshipper of Nemelex Xobeh the Trickster
  3265 | Temple   | Reached * piety under Nemelex Xobeh
  3265 | Temple   | Received a gift from Nemelex Xobeh
  3265 | Temple   | Received a gift from Nemelex Xobeh
  3265 | Temple   | Reached ** piety under Nemelex Xobeh
  3400 | D:4      | Identified the +1 leather armour of the Turtle {rF+ Int+5}
  3538 | D:4      | Identified the +4 mace "Peogiddyxe" {holy, *Noise +Blink
                  | rF- Int+9}
  3704 | D:4      | Received a gift from Nemelex Xobeh
  3734 | D:4      | Found a shimmering blue altar of Sif Muna.
  3939 | D:4      | Reached skill level 1 in Invocations
  4019 | D:5      | Entered Level 5 of the Dungeon
  4019 | D:5      | Noticed a phantom
  4033 | D:5      | Killed a phantom
  4034 | D:5      | Reached XP level 6. HP: 47/56 MP: 4/6
  4086 | D:5      | Noticed Prince Ribbit
  4093 | D:5      | Noticed Prince Ribbit
  4093 | D:5      | Prince Ribbit changed into Prince Ribbit the fire bat
  4108 | D:5      | Killed Prince Ribbit the fire bat
  4191 | D:5      | Noticed a wyvern
  4191 | D:5      | Noticed an ice beast
  4201 | D:5      | Killed a wyvern
  4202 | D:5      | Reached skill level 5 in Maces & Flails
  4202 | D:5      | Reached XP level 7. HP: 56/63 MP: 8/8
  4488 | D:5      | Found an ancient bone altar of Kikubaaqudgha.
  4736 | D:5      | Reached XP level 8. HP: 71/71 MP: 10/10
  5731 | D:5      | Reached skill level 5 in Invocations
  5856 | D:5      | Noticed Dowan
  5857 | D:5      | Noticed Duvessa
  5857 | D:5      | Noticed Blork the orc
  5859 | D:5      | Killed Dowan
  5869 | D:5      | Killed Duvessa
  5873 | D:5      | Killed Blork the orc
  6239 | D:5      | Noticed a +0 dagger
  6251 | D:5      | Noticed a +0 hand axe
  6260 | D:5      | Found a hide-covered altar of Uskayaw.
  7070 | D:6      | Reached XP level 9. HP: 81/81 MP: 12/12
  7788 | D:7      | Found a broken altar of Ashenzari.
  7844 | D:7      | Found a blossoming altar of Fedhas.
  7925 | D:7      | Received a gift from Nemelex Xobeh
  7976 | D:7      | Reached *** piety under Nemelex Xobeh
  8126 | D:7      | Received a gift from Nemelex Xobeh
  8844 | D:7      | Reached XP level 10. HP: 80/91 MP: 13/15
  8905 | D:8      | Identified a scroll of acquirement
  8905 | D:8      | Acquired the amulet of Borueti {Faith rN+ Str+2}
  8994 | D:8      | Found a shimmering altar of Xom.
  9109 | D:8      | Noticed Pikel
  9131 | D:8      | Killed Pikel
  9132 | D:8      | Reached skill level 10 in Fighting
  9196 | D:8      | Found a stormy altar of Qazlal.
  9562 | D:8      | Reached **** piety under Nemelex Xobeh
  9719 | D:9      | Found Kesav's Magic Scroll Boutique.
  9722 | D:9      | Noticed a two-headed ogre
  9744 | D:9      | Killed a two-headed ogre
  9851 | D:9      | Noticed a boulder beetle
  9882 | D:9      | Killed a boulder beetle
 10274 | D:9      | Noticed a deep elf pyromancer
 10275 | D:9      | Killed a deep elf pyromancer
 10276 | D:9      | Reached XP level 11. HP: 102/102 MP: 17/17
 10287 | D:9      | Found Aloatuorch's Jewellery Boutique.
 10485 | D:9      | Found Yjehetz's Jewellery Shoppe.
 10614 | D:9      | Found Ahoroqeo's Antique Armour Emporium.
 10632 | D:9      | Found a hazy altar of Hepliaklqana.
 10695 | D:9      | Received a gift from Nemelex Xobeh
 10774 | D:9      | Reached skill level 10 in Invocations
 11081 | D:9      | Found Vaozec's Antique Armour Boutique.
 11282 | D:10     | Entered Level 10 of the Dungeon
 11930 | D:10     | Reached skill level 10 in Maces & Flails
 12146 | D:10     | Found a staircase to the Orcish Mines.
 12319 | D:10     | Found a staircase to the Lair.
 12572 | D:10     | Received a gift from Nemelex Xobeh
 12816 | D:10     | Found a basalt altar of Yredelemnul.
 13085 | Lair:1   | Entered Level 1 of the Lair of Beasts
 13142 | Lair:1   | Noticed an orb spider
 13142 | Lair:1   | a yak changed into an orb spider
 13144 | Lair:1   | Killed an orb spider
 13350 | Lair:1   | Reached XP level 12. HP: 98/113 MP: 19/19
 13558 | Lair:1   | Received a gift from Nemelex Xobeh
 13599 | Lair:1   | Identified the +0 cloak "Ugionas" {rF+}
 13633 | Lair:1   | Reached ***** piety under Nemelex Xobeh
 13665 | Lair:1   | Reached skill level 1 in Armour
 13665 | Lair:1   | Reached skill level 1 in Shields
 13698 | Lair:1   | Received a gift from Nemelex Xobeh
 13726 | Lair:1   | Noticed Harold
 13729 | Lair:1   | Noticed Harold
 13729 | Lair:1   | Harold changed into Harold the lindwurm
 13738 | Lair:1   | Killed Harold the lindwurm
 14702 | Lair:2   | Found a staircase to the Swamp.
 14705 | Lair:2   | Received a gift from Nemelex Xobeh
 15139 | Lair:2   | Received a gift from Nemelex Xobeh
 15449 | Lair:2   | Noticed an eight-headed hydra
 15475 | Lair:2   | Killed an eight-headed hydra
 15504 | Lair:2   | Reached skill level 5 in Dodging
 15590 | Lair:2   | Received a gift from Nemelex Xobeh
 15942 | Lair:3   | Noticed a catoblepas
 15986 | Lair:3   | Noticed a four-headed hydra
 16007 | Lair:3   | Killed a four-headed hydra
 16352 | Lair:3   | Killed a catoblepas
 16353 | Lair:3   | Reached skill level 5 in Armour
 16413 | Lair:3   | Reached skill level 5 in Shields
 16413 | Lair:3   | Reached XP level 13. HP: 113/119 MP: 20/20
 16729 | Lair:3   | Found a staircase to the Snake Pit.
 17227 | Lair:3   | Acquired 1164 gold pieces
 17229 | Lair:3   | Acquired a +1 crystal plate armour
 17638 | Lair:3   | Received a gift from Nemelex Xobeh
 18063 | D:9      | Bought a scroll of acquirement for 728 gold pieces
 18063 | D:9      | Acquired 1076 gold pieces
 18137 | D:9      | Bought a pair of smoking gloves for 275 gold pieces
 18137 | D:9      | Identified the +1 pair of gloves "Reythra Qupp" {rN+} (You
                  | bought it in a shop on level 9 of the Dungeon)
 18137 | D:9      | Bought a pair of runed boots for 217 gold pieces
 18448 | D:1      | Bought a runed buckler for 157 gold pieces
 19622 | Lair:4   | Noticed Nergalle
 19625 | Lair:4   | Killed Nergalle
 19670 | Lair:4   | Received a gift from Nemelex Xobeh
 20120 | Lair:4   | Received a gift from Nemelex Xobeh
 20673 | Lair:5   | Found a frozen archway.
 20698 | IceCv    | Entered an ice cave
 20766 | IceCv    | Reached skill level 1 in Evocations
 20776 | IceCv    | Identified the +4 chain mail of Least Resistance {rF++
                  | Slay-2}
 21284 | Lair:5   | Received a gift from Nemelex Xobeh
 21498 | Lair:5   | Found a staircase to the Slime Pits.
 21502 | Lair:5   | Reached ****** piety under Nemelex Xobeh
 21605 | Lair:5   | Reached XP level 14. HP: 127/127 MP: 20/22
 21692 | Lair:5   | Received a gift from Nemelex Xobeh
 22369 | Lair:6   | Entered Level 6 of the Lair of Beasts
 22488 | Lair:6   | Received a gift from Nemelex Xobeh
 23366 | Lair:6   | Reached skill level 10 in Armour
 23471 | Lair:6   | Received a gift from Nemelex Xobeh
 23798 | Lair:6   | Reached skill level 5 in Evocations
 24311 | Orc:1    | Entered Level 1 of the Orcish Mines
 24311 | Orc:1    | Received a gift from Nemelex Xobeh
 24530 | Orc:1    | Noticed an orc warlord
 24562 | Orc:1    | Killed an orc warlord
 24825 | Orc:1    | Identified the +2 trident of Namomips {venom, rPois Str-3
                  | SInv}
 24873 | Orc:1    | Found Kohafowu's Magic Scroll Boutique.
 24881 | Orc:1    | Bought a scroll of blinking for 120 gold pieces
 24881 | Orc:1    | Bought a scroll of blinking for 120 gold pieces
 25028 | Orc:2    | Entered Level 2 of the Orcish Mines
 25036 | Orc:2    | Identified the +0 hand axe of the Desolation of Salt
                  | {freeze, Int+2 Dex+3}
 25141 | Orc:2    | Reached XP level 15. HP: 51/134 MP: 15/24
 25416 | Orc:2    | Found Bemamant's Antique Weapon Boutique.
 25416 | Orc:2    | Found Puaclus's Assorted Antiques.
 25417 | Orc:2    | Found Bucummo's Antique Armour Emporium.
 25417 | Orc:2    | Found Ohoutiob's General Store.
 25664 | Orc:2    | Bought a potion of heal wounds for 80 gold pieces
 26384 | Orc:2    | Found Puot's Book Boutique.
 26484 | Orc:2    | Received a gift from Nemelex Xobeh
 26870 | Orc:2    | Found a staircase to the Elven Halls.
 27093 | Orc:2    | Bought a scroll of blinking for 225 gold pieces
 27094 | Orc:2    | Bought a phial of floods for 640 gold pieces
 27235 | Snake:1  | Entered Level 1 of the Snake Pit
 27578 | Snake:1  | Noticed Aizul
 27625 | Snake:1  | Killed Aizul
 28190 | Snake:1  | Noticed Mrcawl's ghost (journeyman MiGl)
 28192 | Snake:1  | Noticed a nagaraja
 28203 | Snake:1  | Found a transporter.
 28208 | Snake:1  | Received a gift from Nemelex Xobeh
 28209 | Snake:1  | Found Yviogg's CLEARANCE SALE! EVERYTHING MUST GO!.
 28910 | Snake:1  | Found a transporter.
 29028 | Snake:1  | Received a gift from Nemelex Xobeh
 29512 | Snake:1  | Paralysed by a floating eye for 2 turns
 29694 | Snake:1  | Received a gift from Nemelex Xobeh
 30926 | Snake:2  | Reached XP level 16. HP: 135/144 MP: 26/26
 31230 | Snake:2  | Received a gift from Nemelex Xobeh
 31724 | Snake:3  | Found Ymiryhas's Magic Scroll Shop.
 31732 | Snake:3  | Bought a scroll of brand weapon for 340 gold pieces
 31732 | Snake:3  | Bought a scroll of blinking for 127 gold pieces
 31886 | Snake:3  | Reached skill level 15 in Invocations
 32261 | Snake:3  | Identified the +8 mace of Weetz {vorpal, *Rage Str+6 Int+3}
 32347 | Snake:3  | Identified the quicksilver dragon scales of Space {Will+
                  | Dex+6}
 32395 | Snake:3  | Identified the +9 battleaxe "Avvao" {venom, rF+ rN+ Will+
                  | Dex-2}
 32395 | Snake:3  | Identified the +9 morningstar "Vuapukk" {vorpal, +Blink
                  | rElec Str+9 Dex-3}
 32409 | Snake:3  | Identified the +5 demon trident "Rybbeh" {freeze, rN+ rCorr
                  | Str+3 Stlth+}
 32563 | Snake:3  | Got the Catalogue of the Frostbite
 32952 | Snake:3  | Received a gift from Nemelex Xobeh
 33317 | Snake:3  | Found Zyanur's Weapon Shop.
 33387 | Snake:3  | Found Coblas's Book Emporium.
 33663 | Snake:4  | Entered Level 4 of the Snake Pit
 34614 | Snake:4  | Identified the +6 chain mail of the Valley of Death
                  | {Regen+}
 34641 | Snake:4  | Received a gift from Nemelex Xobeh
 34679 | Snake:4  | Reached skill level 1 in Slings
 35050 | Snake:4  | Reached XP level 17. HP: 154/154 MP: 27/27
 35838 | Snake:4  | Noticed Saint Roka
 36133 | Snake:4  | Killed Saint Roka
 36263 | Snake:3  | Reached skill level 5 in Slings
 37553 | Snake:4  | Received a gift from Nemelex Xobeh
 37570 | Snake:4  | Got a serpentine rune of Zot
 37921 | Swamp:1  | Entered Level 1 of the Swamp
 38145 | Swamp:1  | Reached skill level 15 in Fighting
 38638 | Swamp:1  | Paralysed by a fenstrider witch for 3 turns
 38646 | Swamp:1  | Paralysed by a fenstrider witch for 7 turns
 39522 | Swamp:1  | Noticed Roxanne
 39544 | Swamp:1  | Reached XP level 18. HP: 156/163 MP: 29/29
 40077 | Swamp:1  | Killed Roxanne
 40196 | Swamp:2  | Received a gift from Nemelex Xobeh
 40713 | Swamp:2  | Received a gift from Nemelex Xobeh
 42090 | Swamp:3  | Received a gift from Nemelex Xobeh
 42594 | Swamp:4  | Entered Level 4 of the Swamp
 42821 | Swamp:4  | Killed a tentacled monstrosity
 43500 | Swamp:4  | Received a gift from Nemelex Xobeh
 44778 | Swamp:4  | Got a decaying rune of Zot
 45010 | D:11     | Identified the +2 robe of the Flute {rPois rF++ rN+ SInv}
 45775 | D:12     | Received a gift from Nemelex Xobeh
 45971 | D:12     | Reached XP level 19. HP: 165/172 MP: 30/30
 46329 | D:13     | Received a gift from Nemelex Xobeh
 46329 | D:13     | Found Vidwua Oxew's General Store.
 46709 | D:13     | Noticed Rupert
 46716 | D:13     | Cast into level 3 of the Abyss (Rupert)
 47083 | Abyss:3  | Got an abyssal rune of Zot
 47110 | Abyss:3  | Noticed a dread lich
 47119 | D:13     | Escaped the Abyss
 47120 | D:13     | Paralysed by Rupert for 7 turns
 47305 | D:13     | Killed Rupert
 47331 | D:13     | Received a gift from Nemelex Xobeh
 47346 | D:13     | Found a runed translucent gate.
 47346 | D:13     | Found a runed translucent gate.
 47346 | D:13     | Found a runed translucent gate.
 47349 | D:13     | Found a viscous altar of Jiyva.
 47349 | D:13     | Noticed HilariousDeathArtist's ghost (journeyman VSBe)
 47575 | D:13     | Found the +4 robe of Folly {Brilliance Will-∞ Int+8}
 47950 | D:13     | Received a gift from Nemelex Xobeh
 48060 | D:13     | Killed HilariousDeathArtist's ghost
 48277 | D:14     | Noticed Josephine
 48330 | D:14     | Killed Josephine
 48648 | D:14     | Received a gift from Nemelex Xobeh
 48891 | D:14     | Identified the +5 mace of Triumph {protect, Int+5}
 49325 | D:14     | Identified the +1 ring mail of the Stars {rElec rPois rF+}
 49721 | D:14     | Received a gift from Nemelex Xobeh
 49732 | D:14     | Found a gate to the Vaults.
 49881 | D:15     | Entered Level 15 of the Dungeon
 50141 | D:15     | Received a gift from Nemelex Xobeh
 50470 | D:15     | Found a stormy altar of Qazlal.
 50483 | D:15     | Received a gift from Nemelex Xobeh
 50849 | D:15     | Found a staircase to the Depths.
 50873 | D:15     | Identified the -2 buckler of Reiz {Drain rElec rN+}
 51109 | Vaults:1 | Entered Level 1 of the Vaults
 52203 | Vaults:1 | Reached XP level 20. HP: 183/184 MP: 32/32
 52460 | Vaults:1 | Received a gift from Nemelex Xobeh
 53130 | Vaults:1 | Found Uwisyuhy's Magic Scroll Emporium.
 53170 | Vaults:1 | Bought a scroll of blinking for 97 gold pieces
 53170 | Vaults:1 | Bought a scroll of fear for 45 gold pieces
 53170 | Vaults:1 | Bought a scroll of fear for 45 gold pieces
 53435 | Vaults:1 | Received a gift from Nemelex Xobeh
 54792 | Vaults:2 | Cast into level 2 of the Abyss (a wizard)
 54800 | Vaults:2 | Escaped the Abyss
 54838 | Vaults:2 | Received a gift from Nemelex Xobeh
 55103 | Vaults:2 | Paralysed by a sphinx for 7 turns
 55342 | Vaults:2 | Reached skill level 15 in Armour
 56030 | Vaults:2 | Received a gift from Nemelex Xobeh
 56588 | Vaults:2 | Reached skill level 15 in Maces & Flails
 57394 | Vaults:3 | Reached XP level 21. HP: 194/194 MP: 33/33
 57728 | Vaults:3 | Reached skill level 1 in Throwing
 58087 | Vaults:3 | Received a gift from Nemelex Xobeh
 58349 | Vaults:3 | Received a gift from Nemelex Xobeh
 58513 | Vaults:3 | Identified the +7 plate armour "Ditzylomm" {rC- Will++
                  | Dex+7}
 58868 | Vaults:3 | Identified the ring "Zuresumi" {rElec rF+ rN+ MP-9 EV+4}
 60066 | Vaults:3 | Found a staircase to the Crypt.
 60335 | Vaults:3 | Received a gift from Nemelex Xobeh
 60995 | Vaults:4 | Received a gift from Nemelex Xobeh
 61112 | Vaults:4 | Reached XP level 22. HP: 196/204 MP: 6/34
 61334 | Vaults:4 | Noticed an ancient lich
 61683 | Vaults:4 | Reached skill level 5 in Throwing
 61782 | Vaults:4 | Received a gift from Nemelex Xobeh
 62373 | Vaults:4 | Received a gift from Nemelex Xobeh
 62774 | Vaults:4 | Killed an ancient lich
 62851 | Vaults:4 | Found the ring of the Hare {EV+8}
 63070 | Vaults:4 | Found Teol's Antique Weapon Boutique.
 63174 | Vaults:4 | Received a gift from Nemelex Xobeh
 63350 | Depths:1 | Entered Level 1 of the Depths
 63543 | Depths:1 | You are sucked into a shaft and drop 1 floor!
 63893 | Depths:2 | Received a gift from Nemelex Xobeh
 63940 | Depths:1 | Noticed Asterion
 63958 | Depths:1 | Killed Asterion
 64375 | Depths:1 | Noticed Bai Suzhen
 64395 | Depths:1 | Killed Bai Suzhen
 64613 | Depths:1 | Reached XP level 23. HP: 213/213 MP: 36/36
 64617 | Depths:1 | Found a gateway to Hell.
 64872 | Depths:1 | You are sucked into a shaft and drop 1 floor!
 65165 | Depths:1 | Received a gift from Nemelex Xobeh
 65465 | Depths:2 | Noticed Sojobo
 65469 | Depths:2 | Paralysed by an air elemental for 1 turns
 65472 | Depths:2 | Paralysed by an air elemental for 1 turns
 65510 | Depths:2 | Found the +8 arc blade {discharge, rElec}
 65789 | Depths:2 | Got the Catalogue of Skepticism
 66029 | Depths:2 | Found an opulent altar of Gozag.
 66172 | Depths:2 | Paralysed by an air elemental for 1 turns
 66176 | Depths:2 | Paralysed by an air elemental for 1 turns
 66181 | Depths:2 | Paralysed by an air elemental for 1 turns
 66199 | Depths:2 | Killed Sojobo
 66398 | Depths:3 | Received a gift from Nemelex Xobeh
 66902 | Depths:3 | Found a one-way gate leading to the halls of Pandemonium.
 66902 | Depths:3 | Received a gift from Nemelex Xobeh
 67083 | Depths:3 | Found Mimn's Weapon Emporium.
 67128 | Depths:3 | Found a hide-covered altar of Uskayaw.
 67190 | Depths:3 | Received a gift from Nemelex Xobeh
 67386 | Depths:3 | Noticed Mennas
 67410 | Depths:3 | Killed Mennas
 67922 | Depths:3 | Identified the +7 halberd "Viteha" {drain, Dex+3}
 67968 | Depths:3 | Received a gift from Nemelex Xobeh
 68096 | Depths:3 | Found a one-way gate to the infinite horrors of the Abyss.
 68506 | Depths:4 | Noticed Louise
 68766 | Depths:4 | Found Gam Fyf's Jewellery Emporium.
 68801 | Depths:4 | Found Sunusch's Antique Weapon Shoppe.
 68819 | Depths:4 | Found Rotupn's General Store.
 68908 | Depths:4 | Found Nedaxoe's Assorted Antiques.
 68922 | Depths:4 | Bought the ring of Yfueme Ruoph {rC+ Will++ EV+4} for 817
                  | gold pieces
 68971 | Depths:4 | Killed Louise
 70144 | Depths:4 | Identified the +10 whip "Onobunez" {vorpal, +Rage rPois}
 70416 | Depths:4 | Reached XP level 24. HP: 142/224 MP: 36/36
 70722 | Depths:4 | Received a gift from Nemelex Xobeh
 71248 | Depths:4 | Noticed Xtahua
 71267 | Depths:4 | Killed Xtahua
 71647 | Depths:5 | Entered Level 5 of the Depths
 72774 | Depths:5 | Found a gate to the Realm of Zot.
 72884 | Depths:5 | Acquired 1023 gold pieces
 72943 | Depths:5 | Found a broken altar of Ashenzari.
 72945 | Depths:5 | Received a gift from Nemelex Xobeh
 73069 | Depths:5 | Found a gateway to a ziggurat.
 73331 | Depths:5 | Identified the +8 demon trident of Fedhas's Generosity
                  | {flame, rElec Str+6}
 74264 | Elf:1    | Entered Level 1 of the Elven Halls
 74387 | Elf:1    | Received a gift from Nemelex Xobeh
 74400 | Elf:1    | Paralysed by an air elemental for 1 turns
 74514 | Elf:1    | Paralysed by an air elemental for 1 turns
 75089 | Elf:1    | Received a gift from Nemelex Xobeh
 75504 | Elf:1    | Paralysed by an air elemental for 1 turns
 75578 | Elf:1    | Noticed Azrael
 75590 | Elf:1    | Killed Azrael
 75753 | Elf:1    | Found Fob Duxa's Book Boutique.
 75761 | Elf:1    | Bought a manual of Armour for 1040 gold pieces
 75763 | Elf:1    | Received a gift from Nemelex Xobeh
 76999 | Elf:2    | Received a gift from Nemelex Xobeh
 77065 | Elf:2    | Found a runed translucent gate.
 77065 | Elf:2    | Found a runed translucent gate.
 77065 | Elf:2    | Found a runed translucent gate.
 77220 | Elf:2    | Identified the +1 robe "Ohusm" {rCorr Str+5 Dex+2}
 77355 | Elf:2    | Reached XP level 25. HP: 182/234 MP: 36/36
 77806 | Elf:2    | Received a gift from Nemelex Xobeh
 78086 | Elf:3    | Entered Level 3 of the Elven Halls
 78181 | Elf:3    | Received a gift from Nemelex Xobeh
 78312 | Elf:3    | Found Rire Xeowi's Weapon Shop.
 78353 | Elf:3    | Noticed Mara
 78393 | Elf:3    | Noticed snackwell's illusion
 78404 | Elf:3    | Killed Mara
 79054 | Elf:3    | Identified the +9 broad axe of Tocyurch {elec, Fly}
 79056 | Elf:3    | Identified the +4 mace "Gucajudd" {vorpal, Dex+2}
 79073 | Elf:3    | Identified the +9 broad axe "Dunob" {flame, rPois Int-3
                  | Dex+5}
 79073 | Elf:3    | Identified the ring of Beugufuaph {Ice rElec Will+ rCorr
                  | Str-2 Dex+3}
 79081 | Elf:3    | Identified the +4 spear of Accord {holy, Will+ Str+3}
 79116 | Elf:3    | Identified the +7 war axe "Qofash" {protect, Will- rCorr
                  | Str+3 Int+5}
 79116 | Elf:3    | Identified the ring of Deqask {Fly rElec rF+ rC+ rN++
                  | Will-}
 79226 | Elf:3    | Identified the +0 chain mail of Eruofot {rN+ Stlth+}
 79227 | Elf:3    | Found the +2 ratskin cloak {*Rats rPois rN+ Str-1 Int-1
                  | Dex+1}
 79236 | Elf:3    | Received a gift from Nemelex Xobeh
 79547 | Elf:3    | Got Micweor's Tome of the Cankerous Snowflakes
 80093 | Slime:1  | Entered Level 1 of the Pits of Slime
 80157 | Slime:1  | Found a viscous altar of Jiyva.
 80229 | Slime:1  | Received a gift from Nemelex Xobeh
 81051 | Slime:3  | Received a gift from Nemelex Xobeh
 81085 | Slime:5  | Entered Level 5 of the Pits of Slime
 81448 | Slime:4  | Received a gift from Nemelex Xobeh
 81804 | Slime:5  | Reached XP level 26. HP: 234/246 MP: 37/37
 82357 | Slime:3  | Received a gift from Nemelex Xobeh
 82560 | Slime:5  | Noticed the Royal Jelly
 82562 | Slime:5  | Found a viscous altar of Jiyva.
 82589 | Slime:5  | Received a gift from Nemelex Xobeh
 82673 | Slime:5  | Killed the Royal Jelly
 82939 | Slime:5  | Identified the +3 ring mail "Ykaog" {Str+4 Dex+2}
 82969 | Slime:5  | Got the Disquisition on Flying Black Arts
 82973 | Slime:5  | Got a slimy rune of Zot
 82995 | Slime:5  | Identified the ring "Mimeil" {Contam rN+ Str+4 Slay+2 SInv}
 83006 | Slime:5  | Identified the +9 ring mail "Fitaec" {rN+}
 83010 | Slime:5  | Got Cellelag's Compendium of Enthralling Confrontation
 83028 | Slime:5  | Identified the ring "Tiommekys" {Ice rCorr}
 83679 | Vaults:5 | Entered Level 5 of the Vaults
 83679 | Vaults:5 | Found the +10 morningstar "Eos" {elec, Halo rElec}
 83679 | Vaults:5 | Noticed Margery
 83682 | Vaults:5 | Paralysed by a floating eye for 2 turns
 83700 | Vaults:5 | Killed Margery
 83701 | Vaults:5 | Noticed Frederick
 83717 | Vaults:5 | Noticed a dread lich
 83721 | Vaults:5 | Noticed a juggernaut
 83721 | Vaults:5 | a titan changed into a juggernaut
 83728 | Vaults:4 | Killed Frederick
 84119 | Vaults:5 | a juggernaut changed into a titan
 84130 | Vaults:5 | Killed a dread lich
 84452 | Vaults:5 | Reached XP level 27. HP: 163/256 MP: 37/37
 84786 | Vaults:5 | Received a gift from Nemelex Xobeh
 84795 | Vaults:5 | Noticed a dread lich
 84808 | Vaults:5 | Killed a dread lich
 84814 | Vaults:5 | Identified the +2 long sword of Dullness {speed, rC+ Will++
                  | Str-4}
 84818 | Vaults:5 | Got the Disquisition on Confrontation
 84820 | Vaults:5 | Got the Incunabulum of Calling and Arcane Weapons
 84928 | Vaults:5 | Identified the +9 long sword of Geopas {vorpal, rPois rC+
                  | rN+}
 85236 | Vaults:5 | Found the +7 lajatang of Order {silver, rMut}
 85248 | Vaults:5 | Got a silver rune of Zot
 86146 | Vaults:5 | Received a gift from Nemelex Xobeh
 86537 | Vaults:5 | Noticed a dread lich
 86557 | Vaults:5 | Killed a dread lich
 86752 | Vaults:5 | Identified the amulet "Wijarymn" {Reflect Fly SH+5}
 86788 | Vaults:5 | Identified the +1 ring mail "Ydeplat" {Dex+4}
 86804 | Vaults:5 | Identified the +4 scale mail of Renuptuar {rN+}
 86875 | Vaults:5 | Identified the +7 spear "Wuxis" {freeze, rCorr SInv Stlth+}
 87067 | D:15     | Acquired a manual of Evocations
 87188 | Zot:1    | Entered Level 1 of the Realm of Zot
 88068 | Zot:1    | Reached skill level 10 in Evocations
 88225 | Zot:1    | Identified the +2 broad axe "Plog" {vorpal, +Rage rC+ MP-9
                  | Str+2}
 88266 | Zot:1    | Received a gift from Nemelex Xobeh
 88595 | Zot:1    | Noticed an orb of fire
 88622 | Zot:1    | Killed an orb of fire
 90108 | Zot:1    | Noticed an orb of fire
 90128 | Zot:1    | Killed an orb of fire
 91544 | Zot:2    | You are sucked into a shaft and drop 2 floors!
 92131 | Zot:2    | Received a gift from Nemelex Xobeh
 92910 | Zot:3    | Received a gift from Nemelex Xobeh
 93780 | Zot:4    | Noticed an orb of fire
 93815 | Zot:4    | Killed an orb of fire
 94071 | Zot:4    | Identified the +6 fustibalus of Fragile Peace {flame,
                  | rElec}
 94356 | Zot:4    | Received a gift from Nemelex Xobeh
 94716 | Zot:5    | Entered Level 5 of the Realm of Zot
 96094 | Zot:5    | Identified the +2 long sword of Oblipp {vorpal, rN+}
 96520 | Zot:5    | Received a gift from Nemelex Xobeh
 96793 | Zot:5    | Noticed a dread lich
 96823 | Zot:5    | Killed a dread lich
 96824 | Zot:5    | Reached skill level 15 in Evocations
 97190 | Zot:5    | Noticed an orb of fire
 97207 | Zot:5    | Killed an orb of fire
 97717 | Crypt:1  | Entered Level 1 of the Crypt
 97739 | Crypt:1  | Identified the +5 dagger of Wisdom {holy, rN++ Will+}
 97773 | Crypt:1  | Found a transporter.
 97775 | Crypt:1  | Found a transporter.
 97775 | Crypt:1  | Noticed Vailuoroe's ghost (veteran GrEE)
 98117 | Crypt:1  | Received a gift from Nemelex Xobeh
 98136 | Crypt:1  | Noticed a royal mummy
 98139 | Crypt:1  | Noticed a royal mummy
 98139 | Crypt:1  | Paralysed by a vampire knight for 2 turns
 98141 | Crypt:1  | Noticed Khufu
 98149 | Crypt:1  | Noticed a royal mummy
 98156 | Crypt:1  | Killed a royal mummy
 98164 | Crypt:1  | Killed Khufu
 98164 | Crypt:1  | Killed a royal mummy
 98165 | Crypt:1  | Reached skill level 10 in Dodging
 98166 | Crypt:1  | Killed a royal mummy
 98755 | Crypt:1  | Received a gift from Nemelex Xobeh
 98955 | Crypt:1  | Identified the ring "Goacou" {rF+ rN+ rCorr Str+6}
 99740 | Zot:5    | Noticed an orb of fire
100183 | Zot:5    | Noticed an orb of fire
100199 | Zot:5    | Killed an orb of fire
100818 | Zot:5    | Noticed an orb of fire
100820 | Zot:5    | Noticed an orb of fire
100858 | Zot:5    | Killed an orb of fire
101460 | Zot:5    | Killed an orb of fire
101470 | Zot:5    | Noticed an orb of fire
101483 | Zot:5    | Killed an orb of fire
102173 | Crypt:2  | Found a magical portal.
102288 | WizLab   | Entered Lehudib's Moon Base
102409 | WizLab   | Found a transporter.
103317 | WizLab   | Received a gift from Nemelex Xobeh
103377 | WizLab   | Found a transporter.
103426 | WizLab   | Identified the ring "Bimuz" {rC+ Slay+2}
104002 | WizLab   | Identified the ring "Acabligg" {Fire *Corrode Str+8}
104647 | Zot:5    | Killed an orb of fire
104683 | Zot:5    | Noticed an orb of fire
104688 | Zot:5    | Noticed an orb of fire
105063 | Zot:5    | Killed an orb of fire
105378 | Zot:5    | Killed an orb of fire
105962 | Crypt:2  | Received a gift from Nemelex Xobeh
106339 | Crypt:3  | Entered Level 3 of the Crypt
106348 | Crypt:3  | Received a gift from Nemelex Xobeh
106858 | Crypt:3  | Received a gift from Nemelex Xobeh
106931 | Crypt:3  | Identified the +1 robe of Taotitt {rN++ Dex+4}
107001 | Crypt:3  | Found a basalt altar of Yredelemnul.
107464 | Crypt:3  | Identified the +6 war axe of Nuoseoh {vamp, rF+ rN+}
107959 | Crypt:3  | Found a staircase to the Tomb.
109163 | Zot:5    | Received a gift from Nemelex Xobeh
109295 | Zot:5    | Noticed a dread lich
109295 | Zot:5    | Paralysed by a dread lich for 7 turns
109304 | Zot:5    | Noticed a dread lich
109315 | Zot:5    | Killed a dread lich
109392 | Zot:5    | Killed a dread lich
110342 | D:9      | Bought a bronze plate armour for 924 gold pieces
110342 | D:9      | Identified the +3 plate armour of the Great Game {Dex+5}
                  | (You bought it in a shop on level 9 of the Dungeon)
110787 | Hell     | Entered the Vestibule of Hell
110787 | Hell     | Noticed Geryon
111200 | Hell     | Killed Geryon
111507 | Hell     | Found a gateway to the ashen valley of Gehenna.
111865 | Hell     | Received a gift from Nemelex Xobeh
111895 | Hell     | Found a gateway to the freezing wastes of Cocytus.
112043 | Hell     | Noticed a dread lich
112052 | Hell     | Killed a dread lich
112153 | Hell     | Found a gateway to the decaying netherworld of Tartarus.
112449 | Hell     | Received a gift from Nemelex Xobeh
112665 | Hell     | Found a gateway to the Iron City of Dis.
112720 | Dis:1    | Entered Level 1 of the Iron City of Dis
112813 | Dis:2    | Reached skill level 10 in Shields
113331 | Dis:4    | Received a gift from Nemelex Xobeh
113701 | Dis:5    | Received a gift from Nemelex Xobeh
114210 | Dis:7    | Entered Level 7 of the Iron City of Dis
114210 | Dis:7    | Received a gift from Nemelex Xobeh
115274 | Dis:5    | Received a gift from Nemelex Xobeh
116084 | Dis:7    | Reached skill level 15 in Shields
116115 | Dis:7    | Received a gift from Nemelex Xobeh
116198 | Dis:7    | Identified the +5 short sword "Laedgh" {vorpal, +Rage
                  | rElec}
116202 | Dis:7    | Identified the +7 dagger of Fundamental Breach {spect,
                  | Str+4}
117454 | Dis:5    | Received a gift from Nemelex Xobeh
118898 | Dis:7    | Identified the ring of Okawnosy {rElec rPois rF+ MP+9
                  | Stlth+}
119039 | Dis:7    | Received a gift from Nemelex Xobeh
119768 | Dis:7    | Received a gift from Nemelex Xobeh
119780 | Dis:7    | Found the +4 staff of Dispater
119780 | Dis:7    | Noticed Dispater
119810 | Dis:7    | Killed Dispater
119838 | Dis:7    | Found the +3 hat of Pondering {ponderous, Will+ MP+10
                  | Int+5}
119843 | Dis:7    | Got an iron rune of Zot
120011 | Coc:1    | Entered Level 1 of Cocytus
120112 | Coc:1    | Reached skill level 27 in Invocations
120647 | Coc:5    | Received a gift from Nemelex Xobeh
120923 | Coc:7    | Entered Level 7 of Cocytus
121376 | Coc:7    | Received a gift from Nemelex Xobeh
121384 | Coc:7    | Reached skill level 27 in Fighting
122106 | Coc:7    | Identified the +7 flail of the Reaper {vorpal, Int+3}
122397 | Coc:7    | Noticed Antaeus
122452 | Coc:7    | Killed Antaeus
122936 | Coc:7    | Identified the +6 flail of Astro {holy, rPois}
122978 | Coc:7    | Got an icy rune of Zot
123420 | Geh:1    | Entered Level 1 of Gehenna
124250 | Geh:2    | Received a gift from Nemelex Xobeh
125126 | Geh:7    | Entered Level 7 of Gehenna
125466 | Geh:7    | Identified the +7 hand axe of Risk Management {flame,
                  | Int+2}
125636 | Geh:7    | Received a gift from Nemelex Xobeh
125657 | Geh:7    | Identified the amulet "Cumen" {Faith rC+}
125897 | Geh:7    | Identified the ring of Amma {*Slow rPois Will+++ rCorr
                  | Str+6}
126332 | Geh:7    | Identified the +2 ring mail of Thoughtfulness {+Inv}
126478 | Geh:7    | Found the +7 sceptre of Asmodeus
126478 | Geh:7    | Noticed Asmodeus
126480 | Geh:7    | Banished Asmodeus
126494 | Geh:7    | Got an obsidian rune of Zot
126653 | Tar:1    | Entered Level 1 of Tartarus
126843 | Tar:2    | Received a gift from Nemelex Xobeh
127173 | Tar:3    | Received a gift from Nemelex Xobeh
127818 | Tar:3    | Learned a level 1 spell: Apportation
127844 | Tar:3    | Reached skill level 1 in Translocations
127850 | Tar:3    | Reached skill level 1 in Spellcasting
128183 | Tar:4    | Reached skill level 5 in Translocations
128781 | Tar:6    | Received a gift from Nemelex Xobeh
128935 | Tar:6    | Reached skill level 5 in Spellcasting
129527 | Tar:7    | Entered Level 7 of Tartarus
129746 | Tar:7    | Reached skill level 10 in Translocations
129906 | Tar:7    | Learned a level 5 spell: Borgnjor's Vile Clutch
129962 | Tar:7    | Reached skill level 1 in Earth Magic
129970 | Tar:7    | Reached skill level 1 in Necromancy
130242 | Tar:7    | Reached skill level 5 in Earth Magic
130535 | Tar:7    | Reached skill level 5 in Necromancy
130996 | Tar:3    | Received a gift from Nemelex Xobeh
131750 | Tar:4    | Received a gift from Nemelex Xobeh
132541 | Tar:7    | Reached skill level 10 in Earth Magic
132575 | Tar:7    | Received a gift from Nemelex Xobeh
133047 | Tar:7    | Reached skill level 10 in Necromancy
133291 | Tar:7    | Identified the +4 executioner's axe of Shrieking Terror
                  | {spect, Int+3}
133292 | Tar:7    | Killed from afar by a Tzitzimitl

Illustrated notes

Levels and vault maps discovered:
D:1:      shiori_arrival_elements, layout_basic, shapermc_ecumenical_altar_venn,
          serial_shops, shop, shop, nicolae_shop_overgrown_old_shop,
          nicolae_shop_waterfront, amethyst_killhole, minmay_shallow_snake_nest
D:2:      layout_rooms
D:3:      layout_rooms, chequers_serial_rivers_micro_a, uniq_jessica
D:4:      layout_loops_ring, amcnicky_altar_gilded, led_sif_book,
          minmay_temple_entry_antechambers, minivault_1,
          chequers_serial_rivers_marsh, serial_bayou_pond_c,
          kennysheep_generic_room_14
D:5:      layout_rooms, dancing_weapons_uskayaw,
          lemuel_mausoleum_altar_kikubaaqudgha, uniq_blork_the_orc,
          uniq_prince_ribbit1, uniq_duvessa
D:6:      nicolae_whirlpool, layout_basic, lemuel_old_faithful
D:7:      layout_basic, mainiacjoe_overflow_tiny_flanked,
          fedhas_altar_decomposition, hangedman_decor_diamond_cutter
D:8:      layout_rooms, tso_metal_star, kennysheep_mini_moat,
          kennysheep_little_box, serial_rivers, chequers_serial_rivers_small_a,
          chequers_serial_rivers_large_b, chequers_serial_rivers_marsh,
          chequers_serial_rivers_marsh, glass_columns_a, uniq_pikel
D:9:      layout_loops_corners, old_standard_altar, serial_shops,
          nicolae_shop_trees, nicolae_shop_temple_entry_statues_fountains,
          nicolae_diamond_shop, nicolae_shop_statue_plus, nicolae_lakefront_shop
D:10:     layout_basic, lemuel_zombie_altar_yredelemnul, david_lair_generic,
          david_orc_2
D:11:     layout_roguey
D:12:     layout_cave_pools, minmay_misc_feat_roman
D:13:     layout_long_grid, gammafunk_ghost_ooze, serial_shops,
          nicolae_shop_stone, grunt_livestock, chequers_mini_garden, uniq_rupert
D:14:     layout_long_grid, david_vaults_4, bh_walls_and_bars,
          minmay_variable_closet, uniq_josephine
D:15:     grunt_enter_depths_hoard, layout_small_grid,
          nicolae_qazlal_scattered_showers, chequers_serial_rivers_small_b
Temple:   jpeg_temple_clearing
Lair:1:   layout_loops_ring, basic_altar, lemuel_fruit_fields,
          grunt_megastairs_4, uniq_harold
Lair:2:   layout_regular_city, swamp_mist, st_stairs_5,
          cheibrodos_lair_lostbears
Lair:3:   layout_cave_pods, minmay_snake_entry_guardpost_small, st_stairs_4
Lair:4:   layout_cave_pods, st_stairs_13, uniq_nergalle
Lair:5:   layout_layer_cave, dpeg_slime_entry_corner,
          portal_ice_cave_demonic_guard, infiniplex_staircase_pool,
          grunt_megastairs_2
Lair:6:   grunt_lair_end_beastmaster, layout_loops_ring,
          small_statue_intersection
Swamp:1:  layout_falls_marsh, evilmike_swamp_ruin_house_4, hangedman_swamp_cone,
          swamp_pool1, hangedman_swamp_ravenous, uniq_roxanne
Swamp:2:  nicolae_swamp_long_stream, layout_basic_swamp,
          evilmike_swamp_ruin_wall, st_swamp_ruins_2,
          infiniplex_staircase_pool_2
Swamp:3:  layout_basic_swamp, hangedman_swamp_ruin_wall
Swamp:4:  swamp_icy, layout_basic_swamp
Snake:1:  layout_layer_cave, gammafunk_ghost_arena, nicolae_shop_clearance,
          grunt_megastairs_3, serial_bayou_shore_a, uniq_aizul
Snake:2:  layout_misc_corridors
Snake:3:  layout_chambers, serial_shops, shop, shop, shop, st_stairs_10,
          nicolae_snake_naga_rites
Snake:4:  minmay_snake_end_coiled, layout_misc_corridors, uniq_saint_roka
Slime:1:  cheibrodos_slime_lost_civilization_10, layout_caves, basic_altar,
          cheibrodos_slime_lost_civilization_4
Slime:2:  layout_caves
Slime:3:  layout_caves
Slime:4:  layout_caves
Slime:5
Orc:1:    layout_caves, serial_shops, nicolae_shop_statue_plus
Orc:2:    st_orc_ogre_mass, layout_caves, serial_shops, nicolae_diamond_shop,
          elves_outpost_lemuel
Elf:1:    nicolae_elf_arrival_fired_up, layout_loops_corners, serial_shops,
          shop, hangedman_corner_corridor, uniq_azrael
Elf:2:    elven_hall_of_blades_hangedman_original [nicolae_blade_bullseye],
          layout_geoelf_diagonals, uniq_louise
Elf:3:    minmay_elf_hall_spiked, layout_geoelf_octagon, serial_shops,
          shop_statue, uniq_mara
Vaults:1: v_misc_31, nicolae_vaults_big_angled_halls, vaults_dpeg_doors,
          grunt_vaults_hallway_long, ontoclasm_vaults_tryst, v_misc_27,
          ontoclasm_vaults_loading_screen, nicolae_vaults_hallways_thing,
          v_misc_23, vaults_dpeg_spiral, nicolae_vaults_bisected_exclaves,
          hangedman_vaults_pinch, ontoclasm_vaults_misaligned, vaults_dpeg_ring,
          layout_vaults_big_cross, serial_shops, shop_fountains
Vaults:2: hangedman_vaults_unwind, vaults_room_large_hall,
          hangedman_vaults_capsules, vaults_dpeg_hooks, nicolae_vaults_asterisk,
          nicolae_vaults_border_crossing, nicolae_vaults_ring_of_whatevers,
          vaults_mumra_chevron, nicolae_vaults_network_barrier,
          nicolae_vaults_alarming, nicolae_vaults_network_star,
          vaults_room_grid, nicolae_vaults_asterisk, vaults_room_fancy_cross,
          layout_vaults_maze_bifur
Vaults:3: st_greater_box_3, vaults_room_fours, v_rooms_5, v_misc_18,
          minmay_crypt_entry_simple_walls, ontoclasm_vaults_ring_small,
          vaults_room_pool, layout_vaults_chaotic_city
Vaults:4: vaults_room_glass_cross, ontoclasm_vaults_misaligned,
          hangedman_vaults_river_flow, v_misc_16,
          nicolae_vaults_ring_of_whatevers, vaults_mumra_hex,
          nicolae_vaults_specimen_jars, layout_vaults_quadrants, serial_shops,
          shop
Vaults:5: serial_shops, uniq_margery, uniq_frederick
Crypt:1:  layout_rooms, gammafunk_ghost_arena, st_shrine_of_skulls, uniq_khufu
Crypt:2:  layout_misc_corridors, mu_enter_wizlab_3
Crypt:3:  evilmike_haunted_forest
Depths:1: layout_long_grid, elyvilon_altar_1, hellmouth_3,
          hangedman_abyss_or_decor_stabs, chequers_serial_rivers_marsh,
          due_unseen_surprise, uniq_bai_suzhen, uniq_asterion
Depths:2: minmay_shoctagon, layout_cave_pools, serial_rivers,
          chequers_serial_rivers_small_b, chequers_serial_rivers_marsh,
          chequers_serial_rivers_large_a, chequers_serial_rivers_micro_d,
          chequers_serial_rivers_room_a, grunt_gozag_breadcrumbs, hell_entry,
          minmay_orc_keep, uniq_sojobo
Depths:3: kennysheep_big_flooded_room, layout_gridlike, serial_corexii_hall,
          corexii_hall_statues_x, corexii_hall_statues_x,
          chequers_hall_statues_y, chequers_hall_statues_wall_a,
          chequers_hall_statues_corner_a, corexii_hall_statues_u,
          abyss_entry_small_statue_room, rand_demon_pan_entry_7, serial_shops,
          nicolae_shop_waterfront, lemuel_statue_altar, hell_entry, uniq_mennas
Depths:4: minmay_skeleton_keep, layout_twisted_cross,
          nicolae_abyss_entry_one_way_or_another, hex_medium,
          pf_hell_entry_tar_spiral, minmay_staircase_bubble, minmay_shoptagon,
          firewood_loft, uniq_xtahua
Depths:5: evilmike_zot_entry_diamond, layout_cave_shapes, enter_ziggurat_c,
          chequers_serial_rivers_room_b, hellmouth_1,
          cheibrodos_ashenzari_chains, grunt_megastairs_1
Hell
Dis:1:    layout_chaotic_city
Dis:2:    layout_chaotic_city, hangedman_mysterious_dungeon_monster_house
Dis:3:    layout_chaotic_city, hangedman_dis_decor_blocks_crown
Dis:4:    layout_gridville
Dis:5:    layout_chaotic_city
Dis:6:    layout_chaotic_city, hangedman_player_shredder
Dis:7:    dis_hangedman
Geh:1:    layout_gehenna_pools_basic, minmay_fire_ice_demons
Geh:2:    layout_gehenna_pools_box
Geh:3:    layout_gehenna_pools_box
Geh:4:    layout_gehenna_lava_caves
Geh:5:    layout_gehenna_pools_triple
Geh:6:    layout_gehenna_lava_caves
Geh:7:    geh_grunt
Coc:1:    layout_ice_bergs
Coc:2:    layout_ice_bergs
Coc:3:    layout_ice_bergs
Coc:4:    layout_ice_bergs
Coc:5:    layout_cocytus_water_paths
Coc:6:    layout_ice_bergs
Coc:7:    coc_grunt_cove [coc_grunt_cove_antaeus, coc_grunt_cove_fiend,
          coc_grunt_cove_fiend, coc_grunt_cove_fiend, coc_grunt_cove_fiend]
Tar:1:    layout_grid_maze
Tar:2:    layout_grid_maze, nicolae_tar_cuneiform_water, evilmike_ambush
          [evilmike_ambush_outer_basic, evilmike_ambush_inner_basic]
Tar:3:    layout_grid_maze, nicolae_tar_cuneiform_bird,
          nicolae_tar_cuneiform_city, nicolae_tar_cuneiform_water,
          nicolae_tar_cuneiform_three
Tar:4:    layout_grid_maze, hangedman_tartarus_temple_path
Tar:5:    layout_catacombs
Tar:6:    layout_honeycomb
Tar:7:    tar_minmay_river
Zot:1:    kennysheep_blocky_room, layout_basic, grunt_ministairs_3,
          skrybe_zot_glass_1
Zot:2:    grunt_twist_and_shout, layout_concentric_octagons, st_stairs_6
Zot:3:    layout_basic
Zot:4:    layout_gridlike
Zot:5:    layout_gridlike, grunt_ministairs_12

Skill      XL: |  1  2  3  4  5  6  7  8  9 10 11 12 13 14 15 16 17 18 19 20 21 22 23 24 25 26 27 |
---------------+----------------------------------------------------------------------------------+-----
Maces & Flails | 3 4 5 6 8 9 10 11 12 13 14 15 16 17 18 19 21 | 21.5
Fighting       | 4 5 6 8 9 11 12 13 14 15 16 17 18 19 20 21 22 27 | 27.0
Invocations    | 1 3 4 6 8 9 11 12 13 14 15 16 17 18 19 20 21 22 23 27 | 27.0
Dodging        | 5 6 13 | 13.5
Armour         | 5 9 10 12 13 14 15 16 17 18 19 20 24 | 24.8
Shields        | 5 21 | 21.7
Evocations     | 3 6 8 15 | 15.3
Slings         | 2 7 8 |  8.0
Throwing       | 4 6 8 9 |  9.2
Translocations | 11 | 11.0
Spellcasting   | 7 |  7.2
Earth Magic    | 11 | 11.3
Necromancy     | 10 | 10.4
Stealth        | |  2.1

Action                   |  1- 3 |  4- 6 |  7- 9 | 10-12 | 13-15 | 16-18 | 19-21 | 22-24 | 25-27 || total
-------------------------+-------+-------+-------+-------+-------+-------+-------+-------+-------++-------
Melee: Mace              |   117 |    71 |   202 |       |       |       |       |       |       ||   390
       Whip              |       |       |   168 |   632 |  1432 |   130 |       |       |       ||  2362
       Morningstar       |       |       |       |       |    27 |  1144 |  1424 |  1452 |  8321 || 12368
 Fire: Hunting sling     |     4 |    82 |    80 |   171 |   348 |   444 |       |       |       ||  1129
       Fustibalus        |       |       |       |       |       |   140 |   484 |   654 |   810 ||  2088
Throw: Stone             |    40 |       |       |       |       |       |       |       |       ||    40
       Dart              |    19 |     4 |       |     6 |     6 |       |     1 |     3 |     4 ||    43
       Javelin           |       |       |       |       |       |       |     4 |       |    39 ||    43
       Throwing net      |       |       |       |       |       |       |       |     1 |     3 ||     4
Invok: Draw Destruction  |       |     2 |     6 |    29 |    25 |    17 |    34 |    22 |    52 ||   187
       Draw Summoning    |       |     1 |     1 |     1 |     7 |     6 |     6 |     8 |    17 ||    47
       Draw Escape       |       |       |       |     3 |     2 |     1 |     4 |     1 |     5 ||    16
       Draw Stack        |       |       |       |     1 |     4 |     2 |     1 |     4 |     7 ||    19
       Stack Five        |       |       |       |     1 |     1 |       |       |     1 |     2 ||     5
       Deal Four         |       |       |       |       |     2 |       |       |     1 |     6 ||     9
       Triple Draw       |       |       |       |       |       |     1 |     1 |       |     3 ||     5
 Abil: Evoke Blink       |       |       |       |       |       |     2 |     8 |       |       ||    10
Evoke: Wand              |       |       |     5 |     4 |    24 |     9 |     5 |     5 |    15 ||    67
       Phantom mirror    |       |       |       |       |     1 |       |       |     1 |       ||     2
       Phial of floods   |       |       |       |       |       |     1 |     1 |     1 |       ||     3
       Tin of tremorston |       |       |       |       |       |       |       |       |     6 ||     6
       Condenser vane    |       |       |       |       |       |       |       |       |     6 ||     6
  Use: Scroll            |       |     6 |    13 |     9 |    13 |     9 |    10 |     9 |    31 ||   100
       Potion            |       |     1 |       |     1 |     1 |     2 |     4 |     2 |    22 ||    33
 Stab: Sleeping          |     1 |       |       |       |       |       |       |       |       ||     1
       Petrified         |       |       |       |       |    12 |       |     5 |     7 |     5 ||    29
       Distracted        |       |       |       |       |     2 |     1 |       |     2 |     3 ||     8
       Paralysed         |       |       |       |       |     5 |       |       |       |       ||     5
       Petrifying        |       |       |       |       |     3 |       |     1 |       |       ||     4
       Confused          |       |       |       |       |       |     1 |       |       |       ||     1
       Held in net/web   |       |       |       |       |       |       |       |       |     1 ||     1
Armor: Robe              |    19 |       |       |       |       |       |       |       |       ||    19
       Ring mail         |    17 |    27 |       |       |       |       |       |       |       ||    44
       Scale mail        |       |    18 |   106 |    30 |       |       |       |       |       ||   154
       Acid dragon scale |       |       |       |    93 |    20 |       |       |       |       ||   113
       Crystal plate arm |       |       |       |       |   641 |   911 |   965 |   947 |  3523 ||  6987
       Fire dragon scale |       |       |       |       |       |       |       |       |   230 ||   230
Dodge: Dodged            |    77 |    81 |   243 |   353 |   543 |   744 |   812 |   850 |  5536 ||  9239
Block: Buckler           |       |       |       |       |   415 |   559 |   547 |   421 |   896 ||  2838
       Tower shield      |       |       |       |       |       |       |       |       |  7411 ||  7411
